 Dungeon Crawl Stone Soup version 0.29.0-10-g45618ea6d2 (webtiles) character file.

Game seed: 4306656479934831771

350 sanka the Ruffian (level 6, -5/59 HPs)
             Began as a Troll Cinder Acolyte on Sept 1, 2022.
             Was a High Priest of Ignis.
             Slain by a gnoll
             ... wielding a +0 flail
              (10 damage)
             ... on level 4 of the Dungeon.
             The game lasted 00:03:12 (2909 turns).

sanka the Ruffian (Troll Cinder Acolyte)            Turns: 2909, Time: 00:03:13

Health: -5/59      AC:  4    Str: 23    XL:     6   Next: 33%
Magic:  6/6        EV:  9    Int: 10    God:    Ignis [*****.]
Gold:   285        SH:  0    Dex:  7    Spells: 7/7 levels left

rFire   + . .      SeeInvis .     - Unarmed
rCold   . . .      Faith    .   (no shield)
rNeg    . . .      Spirit   .   a - +0 robe
rPois   .          Reflect  .   (helmet restricted)
rElec   .          Harm     .   (no cloak)
rCorr   .          Rampage  .   (gloves unavailable)
Will    .....                   (boots unavailable)
Stlth   +.........              (no amulet)
HPRegen 0.99/turn               (no ring)
MPRegen 0.10/turn               (no ring)

@: no status effects
A: large, unfitting armour, claws 3, regeneration 1, shaggy fur 1, tough skin 1
a: Renounce Religion, Fiery Armour, Foxfire Swarm, Rising Flame


You were on level 4 of the Dungeon.
You worshipped Ignis.
Ignis was extremely pleased with you.
You visited 2 branches of the dungeon, and saw 6 of its levels.

You collected 285 gold pieces.


Innate Abilities, Weirdness & Mutations

You are too large for most types of armour.
You have claws for hands.
Your natural rate of healing is unusually fast.
You are covered in fur. (AC +1)
You have tough skin. (AC +1)


   Skills:
 - Level 2.4 Fighting
 + Level 7.2 Unarmed Combat
 - Level 1.0 Spellcasting
 - Level 2.1 Fire Magic


You had 7 spell levels left.
You didn't know any spells.
Your spell library contained the following spells:

 Spells                   Type           Power      Damage    Failure   Level
 Scorch                   Fire           8%         2d5       22%         2
 Summon Small Mammal      Summ           0%         N/A       34%         1
 Blink                    Tloc           0%         N/A       45%         2
 Ignite Poison            Fire/Tmut/Pois 1%         N/A       61%         3
 Call Canine Familiar     Summ           0%         N/A       71%         3
 Lesser Beckoning         Tloc           0%         N/A       71%         3
 Mephitic Cloud           Conj/Pois/Air  0%         N/A       71%         3
 Summon Guardian Golem    Hex/Summ       0%         N/A       71%         3
 Freezing Cloud           Conj/Ice/Air   0%         6-21      100%        5
 Manifold Assault         Tloc           0%         N/A       100%        5

Inventory:

Armour
 a - a +0 robe (worn)
Jewellery
 d - a ring of fire
Scrolls
 b - a scroll of summoning {unknown}
 e - 2 scrolls of immolation {unknown}
 f - a scroll of noise {unknown}
 k - 3 scrolls of identify {unknown}
 l - a scroll of vulnerability {unknown}
 m - a scroll of blinking {unknown}
 p - a scroll of butterflies {unknown}
Potions
 c - 4 potions of berserk rage {unknown}
 g - a potion of haste {unknown}
 h - 3 potions of lignification {unknown}
 i - a potion of degeneration {unknown}
 j - a potion of flight {unknown}
 n - a potion of brilliance {unknown}
 o - a potion of curing {unknown}

Dungeon Overview and Level Annotations

Branches:
Dungeon (5/15)             Temple (1/1) D:4

Altars:
Cheibriados
Kikubaaqudgha
Makhleb
Qazlal
Ru
Sif Muna
Uskayaw
Wu Jian
Xom
The Shining One

▒..▒ ▒▒▒▒▒▒.▒ ▒....▒.▒ ▒..▒
▒..▒▒▒▒▒▒▒▒▒▒▒.▒.▒ ▒▒..▒
▒........▒▒▒▒▒.▒.▒
▒▒▒▒▒▒...▒
▒.▒▒▒▒▒▒..........
....▒▒.▒.▒ ▒.▒ ▒▒▒.....▒▒.
▒▒▒.▒▒.▒.▒ ▒.▒ ▒▒▒▒▒....
▒.▒▒.▒.▒ ▒.▒ ▒..▒. ▒.▒▒.▒.▒
▒†▒ ▒..▒▒ ▒.▒▒.▒.▒ ▒T▒ ▒..▒.
▒.▒▒...▒ ▒g▒ ▒.... ▒.....<▒
▒.▒ ▒.... ▒▒▒▒...▒▒▒▒▒▒▒.▒
▒.... ▒...........▒ ▒▒▒▒▒▒▒▒
▒..▒. ▒.▒.▒▒▒▒▒▒..▒ ▒......▒
▒..▒▒ ▒...▒
▒..▒▒▒.▒▒▒▒.▒▒▒....
▒.▒▒▒▒▒▒▒▒...▒▒.▒▒ ▒.....▒▒▒
▒.......(........▒▒▒▒▒▒▒....


You could see a gnoll.


Message History

The black bear barely misses you.
The black bear claws you but does no damage.
The gnoll closely misses you.
You scratch the black bear but do no damage.
The black bear is severely wounded.
The black bear bites you.
* * * LOW HITPOINT WARNING * * *
The black bear closely misses you. The black bear claws you.
* * * LOW HITPOINT WARNING * * *
The gnoll hits you with a +0 flail.
* * * LOW HITPOINT WARNING * * *
You claw the black bear!
The black bear is almost dead.
The black bear goes berserk!
The gnoll hits you with a +0 flail!
* * * LOW HITPOINT WARNING * * *
Unknown command.
You barely miss the black bear.
The black bear is almost dead.
The black bear bites you!
* * * LOW HITPOINT WARNING * * *
The black bear claws you.
* * * LOW HITPOINT WARNING * * *
The black bear claws you but does no damage.
Unknown command.
You claw the black bear!
You kill the black bear!
The gnoll hits you with a +0 flail!
You die...

Action                   |  1- 3 |  4- 6 || total
-------------------------+-------+-------++-------
Melee: Unarmed           |    92 |   124 ||   216
       Punch             |     1 |     3 ||     4
Armor: Robe              |    37 |    47 ||    84
Dodge: Dodged            |    54 |    72 ||   126

Levels and vault maps discovered:
D:1:      roderic_chinese_lattice_arrival, layout_basic, minmay_quantized
D:2:      layout_rooms, basic_ecumenical_altar, grunt_decor_mini_mirrors,
          uniq_terence, uniq_robin
D:3:      layout_loops_ring, overflow_temple_1_default, kiku_gazebo_pond_becter,
          serial_rivers, chequers_serial_rivers_micro_b,
          chequers_serial_rivers_room_a, chequers_serial_rivers_micro_e,
          chequers_serial_rivers_small_b, chequers_serial_rivers_micro_b,
          grunt_ministairs_5, small_statue_intersection
D:4:      layout_loops_ring, minmay_temple_entry_purple_smoke
D:5:      layout_cave_pools, old_standard_altar,
          amcnicky_mini_rare_corridor_liquid, minmay_misc_feat_hallway,
          palyth_stone_intersect, corexii_leaking_fountain,
          nicolae_shop_self_help
Temple:   hellmonk_temple_rainy

Notes
Turn   | Place    | Note
-------+----------+-------------------------------------------
     0 | D:1      | sanka the Troll Cinder Acolyte began the quest for the Orb.
     0 | D:1      | Reached XP level 1. HP: 22/22 MP: 1/1
    66 | D:1      | Reached XP level 2. HP: 23/29 MP: 2/2
   176 | D:1      | Reached skill level 4 in Unarmed Combat
   273 | D:1      | Reached XP level 3. HP: 36/36 MP: 3/3
   898 | D:2      | Noticed Terence
   903 | D:2      | Killed Terence
   904 | D:2      | Reached skill level 5 in Unarmed Combat
   904 | D:2      | Reached XP level 4. HP: 44/44 MP: 4/4
   926 | D:2      | Found a faded altar of an unknown god.
  1268 | D:2      | Noticed Robin
  1309 | D:2      | Reached XP level 5. HP: 37/50 MP: 5/5
  1319 | D:2      | Killed Robin
  1362 | D:2      | Reached skill level 6 in Unarmed Combat
  1737 | D:3      | Found a stormy altar of Qazlal.
  1996 | D:3      | Found an ancient bone altar of Kikubaaqudgha.
  2282 | D:4      | Found a staircase to the Ecumenical Temple.
  2353 | Temple   | Entered the Ecumenical Temple
  2820 | D:5      | Entered Level 5 of the Dungeon
  2826 | D:5      | Reached XP level 6. HP: 39/59 MP: 6/6
  2876 | D:4      | Reached skill level 7 in Unarmed Combat
  2908 | D:4      | HP: 5/59 [black bear (1)]
  2909 | D:4      | Slain by a gnoll

Vanquished Creatures
  A black bear (D:4)
  A bullfrog (D:5)
  A scorpion (D:4)
  A hound (D:3)
  Terence (D:2)
  Robin (D:2)
  5 gnolls
  2 adders
  2 ufetubi
  2 worms
  2 dart slugs
  5 ball pythons
  5 bats (D:1)
  4 endoplasms (D:1)
  3 giant cockroaches
  17 goblins
  5 hobgoblins
  3 jackals (D:1)
  3 quokkas (D:1)
  A frilled lizard (D:2)
  7 kobolds
  5 rats
77 creatures vanquished.
